Map: Overgrowth LE (Void)

Players

Musumeci - Winner!

  • Race: Zerg Zerg
  • League: Diamond
  • Spawn Location: 7:00

Kobe

  • Race: Terran Terran
  • League: Diamond
  • Spawn Location: 1:00

VOD

Have the link to the VOD?

Description

Time

  • Played on: Jan. 10, 2017, 2:15 p.m.
  • Length: 13:13
Show
View Real Time Build Order
Export as new Build Order

Musumeci Zerg - Winner!

Build Orders: Pool First 

Get SALT Encoding   

  12  0:02  Drone  
  13  0:08  Drone  
  14  0:25  Drone, Extractor  
  15  0:40  Spawning Pool  
  14  0:43  Drone x2, Extractor x2  
  16  1:04  Hatchery  
  15  1:22  Overlord  
  15  1:41  Zergling x2  
  15  1:42  Queen  
  15  1:43  Drone x2  
  20  1:54  Overlord  
  20  2:03  Drone  
  21  2:20  Queen  
  21  2:22  Drone x2  
  25  2:25  Queen  
  27  2:30  Drone x2  
  29  2:48  Drone x2  
  31  2:52  Drone  
  31  2:53  Drone x4  
  36  3:06  Overlord  
  36  3:23  Queen  
  36  3:24  Drone  
  36  3:25  Overlord  
  36  3:26  Drone  
  42  3:27  Drone x2  
  42  3:45  Extractor  
  42  3:46  Drone x5, Extractor, Roach Warren  
  44  3:50  Evolution Chamber  
  44  3:54  Evolution Chamber  
  42  4:17  Drone x2  
  42  4:19  Overlord  
  42  4:23  Overlord  
  44  4:26  Overlord  
  44  4:39  Roach  
  44  4:40  Roach x3  
  44  4:42  Roach  
  44  4:44  Drone x8  
  62  4:46  Hatchery  
  62  4:49  Extractor  
  62  4:51  Extractor  
  62  4:52  Drone  
  60  5:13  Drone  
  61  5:18  Drone x2  
  63  5:23  Overlord  
  63  5:25  Overlord  
  63  5:34  Overlord x2  
  63  5:42  Roach x2  
  67  5:44  Roach  
  67  5:45  Roach x2  
  51  6:20  Drone x9  
  60  6:32  Drone x3  
  63  6:34  Drone  
  63  6:37  Lair  
  63  6:39  Zerg Ground Armor Level 1, Zerg Missile Weapons Level 1  
  64  6:53  Roach x5  
  74  7:01  Spore Crawler  
  74  7:02  Spore Crawler  
  74  7:03  Spore Crawler  
  74  7:06  Spore Crawler  
  70  7:09  Drone x2  
  70  7:10  Drone x3  
  75  7:17  Drone  
  75  7:18  Drone x3  
  75  7:20  Extractor  
  75  7:21  Extractor  
  77  7:34  Glial Reconstitution  
  77  7:35  Drone x2  
  77  7:36  Drone x2  
  77  7:37  Drone x3  
  83  7:38  Drone x4  
  88  7:57  Ravager x4  
  88  7:58  Ravager x6  
  98  8:01  Overlord  
  98  8:02  Overlord x4  
  98  8:20  Roach x8  
  98  8:21  Roach x3  
  98  8:22  Roach x4  
  128  8:43  Roach x5  
  138  8:55  Overlord x5  
  138  8:56  Zerg Missile Weapons Level 2, Overlord, Zerg Ground Armor Level 2  
  138  9:05  Overlord  
  138  9:12  Hatchery  
  138  9:14  Extractor  
  137  9:17  Drone x3  
  139  9:26  Roach  
  139  9:27  Roach x11  
  139  9:28  Ravager x5  
  139  9:29  Ravager x3  
  171  9:39  Infestation Pit  
  170  9:49  Spore Crawler  
  169  10:20  Drone x3  
  173  10:21  Drone x8  
  173  10:22  Drone x2  
  173  10:23  Overlord x3  
  169  10:57  Roach  
  169  10:58  Roach x17  
  197  11:19  Hive  
  197  11:46  Ravager x3  
  200  11:51  Extractor  
  159  12:21  Roach x14  
  159  12:22  Roach x5  
  170  12:46  Ravager x6  
  170  12:47  Ravager x10  
Show
View Real Time Build Order
Export as new Build Order

Kobe Terran 

Build Orders: Reaper Expand, MMM Bio 

Get SALT Encoding   

  12  0:00  SCV  
  13  0:13  SCV  
  14  0:19  Supply Depot  
  14  0:25  SCV  
  15  0:41  SCV  
  15  0:42  Barracks  
  16  0:45  Refinery  
  16  0:53  SCV  
  17  1:05  SCV  
  18  1:17  SCV  
  19  1:31  Orbital Command  
  19  1:32  Reaper  
  20  1:43  Command Center  
  20  1:57  SCV  
  21  2:06  Barracks Reactor  
  21  2:12  Barracks  
  21  2:14  Refinery  
  21  2:15  SCV  
  22  2:23  Supply Depot  
  22  2:27  SCV  
  23  2:45  SCV  
  23  2:48  Factory  
  24  2:52  Marine x2  
  25  2:58  SCV  
  25  3:03  Barracks Tech Lab  
  26  3:11  Marine x2  
  28  3:14  SCV  
  29  3:21  Orbital Command  
  29  3:25  Marine, Stimpack  
  31  3:27  SCV  
  31  3:36  Marine x2  
  31  3:38  Factory Reactor  
  31  3:39  SCV  
  31  3:40  Starport  
  34  3:42  Marine  
  35  3:50  SCV  
  35  3:51  SCV  
  35  3:54  Marine  
  38  4:01  Supply Depot  
  38  4:02  SCV  
  39  4:03  SCV, Marine  
  39  4:04  Supply Depot  
  40  4:12  Marine  
  40  4:14  SCV  
  40  4:15  SCV  
  43  4:19  Marine  
  43  4:23  Factory Tech Lab  
  44  4:24  Medivac  
  44  4:25  Medivac  
  44  4:26  SCV  
  44  4:27  SCV  
  44  4:29  Marine  
  51  4:35  Marine  
  51  4:37  Marine  
  54  4:38  SCV  
  54  4:39  SCV  
  54  4:43  Supply Depot  
  55  4:45  Supply Depot  
  55  4:53  Marine, Siege Tank  
  55  4:57  SCV  
  60  5:06  Bunker  
  60  5:07  SCV  
  60  5:09  SCV  
  60  5:10  Marine  
  60  5:14  Marine x2  
  64  5:21  Refinery x2, SCV x2  
  66  5:25  Medivac, Siege Tank  
  72  5:29  Marauder  
  72  5:34  SCV x2  
  76  5:38  Supply Depot  
  76  5:39  Supply Depot  
  76  5:42  Supply Depot  
  63  6:07  Medivac x2  
  63  6:08  Combat Shields  
  63  6:09  Marauder, Marine x2  
  68  6:25  Siege Tank, Engineering Bay  
  68  6:26  Engineering Bay  
  68  6:29  Command Center  
  68  6:31  SCV x2  
  70  6:40  Barracks  
  70  6:41  Supply Depot  
  70  6:42  Barracks, Marine  
  70  6:43  SCV x2, Barracks  
  73  6:55  SCV x2  
  73  6:59  Siege Tank  
  73  7:00  Medivac  
  80  7:04  Terran Infantry Armor Level 1, Terran Infantry Weapons Level 1  
  80  7:07  SCV  
  81  7:10  SCV  
  81  7:12  Marine x2  
  81  7:13  Marauder  
  86  7:19  SCV  
  86  7:22  SCV  
  88  7:23  Medivac  
  90  7:30  Medivac  
  90  7:31  Supply Depot x3  
  90  7:32  Barracks Reactor, Supply Depot  
  90  7:34  Armory, Marine x2  
  94  7:39  Barracks Tech Lab  
  94  7:42  SCV x2  
  96  7:48  Orbital Command  
  96  7:50  Supply Depot  
  96  7:53  Barracks Reactor  
  96  7:54  SCV x2, Marine  
  96  7:55  Medivac  
  101  8:09  Marine x2  
  101  8:10  Marauder, Marine x2  
  101  8:12  Marine  
  108  8:16  Concussive Shells  
  108  8:27  Marine  
  108  8:28  Marauder, Marine  
  111  8:44  Marine  
  111  8:45  Marauder, Marine x2  
  116  8:49  Marauder  
  116  8:51  Siege Tank  
  116  8:52  Medivac  
  123  9:06  Orbital Command  
  123  9:07  Marauder, Marine x4  
  123  9:09  Sensor Tower  
  129  9:10  Terran Vehicle Weapons Level 1  
  129  9:11  Terran Infantry Weapons Level 2, Marauder  
  131  9:28  Refinery  
  131  9:29  Marine  
  131  9:30  Marauder  
  134  9:32  Refinery  
  134  9:36  Marine x2  
  134  9:37  Marauder, Marine  
  139  9:39  SCV x3  
  139  9:40  Terran Infantry Armor Level 2  
  142  9:46  Marine x2  
  142  9:51  Marauder, SCV x3  
  149  9:58  Marauder  
  151  10:03  SCV x2  
  151  10:05  Marine  
  151  10:06  Marine  
  155  10:13  Marauder  
  157  10:20  Marauder  
  159  10:23  Medivac, Siege Tank  
  159  10:27  Supply Depot x2  
  164  10:29  Command Center  
  164  10:31  Medivac  
  164  10:33  Marine x3  
  164  10:34  Marauder  
  171  10:40  Supply Depot  
  171  10:41  Marauder  
  173  10:49  SCV x3  
  176  10:56  Marauder  
  161  11:01  SCV x2, Marine x6  
  161  11:03  Marauder  
  153  11:16  Medivac x2, Siege Tank  
  153  11:17  Marauder  
  159  11:24  Marauder  
  161  11:29  SCV  
  161  11:33  Supply Depot  
  161  11:35  Supply Depot  
  161  11:38  Marauder  
  161  11:39  SCV x2  
  150  11:41  SCV  
  150  11:45  Marauder  
  150  11:46  Medivac x2  
  157  11:49  Orbital Command  
  157  11:56  Orbital Command  
  157  11:58  Marine x2  
  157  11:59  Siege Tank  
  157  12:00  Marauder  
  144  12:11  Marine  
  144  12:12  Marauder, Marine x3  
  92  12:16  Marine x2  
  92  12:21  Marauder  
  79  12:29  Marine x2  
  79  12:30  Marine x2  
  79  12:34  Marine x2  
  79  12:35  Marauder  
  79  12:42  Marauder  
  80  12:47  Marine x3  
  80  12:48  Marine  
  84  12:52  Marine x2  
  84  12:54  Sensor Tower  
Tags
 
Add a new tag
Caveats
  • Supply blocks, unpowered buildings, or Contaminate may cause inaccurate times.
  • Supply counts are checked every 10 seconds.